 Dungeon Crawl Stone Soup version 0.18.1-50-g88ac8fd (webtiles) character file.

1339 wamma the Ducker (level 8, -7/73 HPs)
             Began as a Deep Dwarf Berserker on Sept 22, 2016.
             Was an Elder of Trog.
             Mangled by a decayed bog body (17 damage)
             ... in an ossuary.
             The game lasted 00:20:19 (4175 turns).

wamma the Ducker (Deep Dwarf Berserker)             Turns: 4175, Time: 00:20:20

Health: -7/73      AC:  8    Str: 22    XL:     8   Next: 35%
Magic:  7/7        EV: 16    Int:  8    God:    Trog [****..]
Gold:   238        SH:  3    Dex: 13    Spells: 0 memorised, 7 levels left

rFire  . . .     SeeInvis .     t - +0 great sword
rCold  . . .     Gourm    .     f - +0 leather armour
rNeg   . . .     Faith    .     (shield currently unavailable)
rPois  .         Spirit   .     n - +0 helmet
rElec  .         Dismiss  .     h - +0 cloak
rCorr  .         Reflect  +     j - +1 pair of gloves
SustAt .         Harm     .     (no boots)
MR     +....                    o - +3 amulet of reflection
Stlth  +++.......               (no ring)
                                v - ring of stealth

@: non-regenerating, somewhat resistant to hostile enchantments, fairly stealthy
A: damage resistance, recharge devices, sense surroundings 1, slow regeneration
3
a: Device Recharging, Berserk, Trog's Hand, Brothers in Arms, Burn Spellbooks,
Renounce Religion


You were in an ossuary.
You worshipped Trog.
Trog was greatly pleased with you.
You were hungry.

You visited 1 branch of the dungeon, and saw 5 of its levels.
You also visited: Sewer and Ossuary.

You collected 238 gold pieces.

Inventory:

Hand Weapons
 a - a +0 falchion
 t - a +0 great sword (weapon)
 z - a +0 flail
Missiles
 m - 101 stones (quivered)
 E - 5 tomahawks
Armour
 b - a +0 animal skin
 f - a +0 leather armour (worn)
 h - a +0 cloak (worn)
 j - a +1 pair of gloves (worn)
 n - a +0 helmet (worn)
 A - a cursed -2 chain mail
Jewellery
 o - a +3 amulet of reflection (around neck)
 v - a ring of stealth (left hand)
 y - a +4 ring of intelligence {unknown}
Wands
 c - a wand of heal wounds (1/9)
Scrolls
 p - 2 scrolls of fear
 x - a scroll of remove curse
 C - 4 scrolls of teleportation
Potions
 e - 2 potions of magic
 g - 2 potions of agility
 q - 2 potions of flight {unknown}
 r - a potion of degeneration {unknown}
 s - a potion of ambrosia {unknown}
 u - 3 potions of curing {unknown}
 D - a potion of berserk rage {unknown}
 F - a potion of heal wounds {unknown}
Comestibles
 d - 5 bread rations
 i - a beef jerky
 k - a chunk of flesh
 l - 2 meat rations
 B - a slice of pizza


   Skills:
 + Level 4.4 Fighting
 + Level 5.8 Long Blades
 + Level 3.9 Armour
 + Level 7.9 Dodging
 + Level 2.3 Stealth
 + Level 1.6 Evocations


You had 7 spell levels left.
You didn't know any spells.

Dungeon Overview and Level Annotations

Branches:
Dungeon (5/15)
 Temple: D:4-7

Altars:
Dithmenos
Fedhas
Kikubaaqudgha
Pakellas
Vehumet
Zin


Innate Abilities, Weirdness & Mutations

You are resistant to damage.
You can recharge devices by infusing magical energy.
You passively map a small area around you.
You do not regenerate naturally.


Message History

Moving in this stuff is going to be slow.
A decayed bog body comes into view.
You enter the shallow water.
Moving in this stuff is going to be slow.
A decayed bog body comes into view.
The decayed bog body gestures at you while chanting.
The puff of frost hits you!
The decayed bog body closely misses you.
The decayed bog body misses you.
You slash the decayed bog body!
The decayed bog body is almost destroyed.
You block the decayed bog body's attack.
The decayed bog body touches you. The decayed bog body freezes you.
You slash the decayed bog body!
You destroy the decayed bog body!
Trog appreciates your killing of a magic user.
The decayed bog body hits you!!
* * * LOW HITPOINT WARNING * * *
The decayed bog body barely misses you. The decayed bog body hits you!!
You die...

###############
#.#.#.#.#.#.#.#
######'#'#'#'#'#'#'###
#≈≈≈.≈.≈...≈≈≈.....'.#
#≈##≈#.#####.#####.###
#≈≈..≈#...#≈#...#.+ *
*####≈@n...#.#.∩.'.# *
#P≈≈#...#.#∩..#.+ *
###≈#####≈#####.# *


'Z' ≈≈≈ +≈+, ≈ * #≈## #≈# #≈# ≈ *≈ ,..# ,#.≈ ≈ ≈≈+ +≈#** .≈#, ,* , ,#≈≈ ≈ * You
could see a decayed bog body and a giant gecko zombie.

Vanquished Creatures
  Grinder (D:3)
  Purgy (Sewer)
  A phantom (D:3)
  A water moccasin zombie (Ossuary)
  A scorpion (D:3)
  A howler monkey (D:4)
  A bog body (Ossuary)
  A giant frog zombie (Ossuary)
  3 orc priests
  Crazy Yiuf (D:2)
  Jessica (D:3)
  8 orc wizards
  2 worker ants
  A killer bee zombie (Ossuary)
  A hound skeleton (D:4)
  6 mummies (Ossuary)
  A worker ant zombie (Ossuary)
  Robin (D:2)
  A gnoll (D:3)
  5 adders
  3 adder zombies
  5 worms
  2 dart slugs (D:3)
  A giant gecko (D:5)
  19 orcs
  5 ball pythons
  4 giant cockroaches
  13 goblins
  13 hobgoblins
  7 jackals
  8 kobolds
  2 quokkas (D:4)
  9 bats
  9 giant newts
  A jackal zombie (Ossuary)
  11 rats
151 creatures vanquished.

Notes
Turn   | Place    | Note
--------------------------------------------------------------
     0 | D:1      | wamma the Deep Dwarf Berserker began the quest for the Orb.
     0 | D:1      | Reached XP level 1. HP: 20/20 MP: 1/1
   248 | D:1      | Reached XP level 2. HP: 13/27 MP: 2/2
   852 | D:1      | Reached XP level 3. HP: 32/33 MP: 3/3
   875 | D:1      | Reached skill level 3 in Dodging
   999 | D:2      | Reached ** piety under Trog
  1020 | D:2      | Noticed Robin
  1038 | D:2      | Killed Robin
  1210 | D:2      | Found an ancient bone altar of Kikubaaqudgha.
  1210 | D:2      | Found a shadowy altar of Dithmenos.
  1210 | D:2      | Found an oddly glowing altar of Pakellas.
  1269 | D:2      | Reached XP level 4. HP: 31/42 MP: 4/4
  1366 | D:2      | Found a radiant altar of Vehumet.
  1387 | D:2      | Reached skill level 4 in Dodging
  1617 | D:2      | Noticed Crazy Yiuf
  1627 | D:2      | Killed Crazy Yiuf
  2035 | D:3      | Reached *** piety under Trog
  2058 | D:3      | Reached XP level 5. HP: 45/49 MP: 5/5
  2177 | D:3      | Noticed Jessica
  2183 | D:3      | Killed Jessica
  2306 | D:3      | Noticed a phantom
  2352 | D:3      | Killed a phantom
  2352 | D:3      | Reached skill level 5 in Dodging
  2352 | D:3      | Reached skill level 1 in Stealth
  2352 | D:3      | Reached XP level 6. HP: 34/56 MP: 6/6
  2470 | D:3      | Noticed Grinder
  2491 | D:3      | Killed Grinder
  2491 | D:3      | Reached skill level 1 in Evocations
  2508 | D:3      | Found a blossoming altar of Fedhas.
  2534 | D:3      | Reached XP level 7. HP: 36/63 MP: 7/7
  2550 | D:3      | Reached skill level 5 in Long Blades
  2990 | D:3      | Reached skill level 6 in Dodging
  3114 | D:4      | Reached **** piety under Trog
  3722 | D:4      | Found a glowing silver altar of Zin.
  3746 | D:5      | Entered Level 5 of the Dungeon
  3774 | D:5      | Found a glowing drain.
  3793 | Sewer    | Entered a sewer
  3903 | Sewer    | Noticed Purgy
  3926 | Sewer    | Killed Purgy
  3926 | Sewer    | Reached skill level 7 in Dodging
  3926 | Sewer    | Reached XP level 8. HP: 43/72 MP: 7/7
  4059 | D:5      | Found a sand-covered staircase.
  4070 | Ossuary  | Entered an ossuary
  4175 | Ossuary  | Mangled by a decayed bog body

Skill      XL: |  1  2  3  4  5  6  7 |
---------------+----------------------+-----
Dodging        | 3 4 5 7 |  7.9
Fighting       | 3 4 |  4.4
Long Blades    | 4 5 |  5.8
Armour         | 3 |  3.9
Stealth        | 1 2 |  2.3
Evocations     | 1 |  1.6

Action                   |  1- 3 |  4- 6 |  7- 9 || total
-------------------------+-------+-------+-------++-------
Melee: Falchion          |   156 |   150 |       ||   306
       Great sword       |       |    18 |   298 ||   316
Invok: Berserk           |     1 |     3 |     2 ||     6
       Burn Spellbooks   |       |     1 |       ||     1
       Trog's Hand       |       |       |     1 ||     1
 Abil: Device Recharging |       |       |     2 ||     2
Evoke: Wand              |     3 |     3 |     7 ||    13
  Use: Scroll            |     3 |       |    11 ||    14
       Potion            |     2 |       |     1 ||     3
 Stab: Sleeping          |       |       |     2 ||     2
  Eat: Chunk             |     2 |     8 |     6 ||    16
       Pizza             |       |       |     1 ||     1
Armor: Animal skin       |    23 |       |       ||    23
       Leather armour    |    27 |    56 |   162 ||   245
Dodge: Dodged            |   167 |   105 |   327 ||   599
Block: Other             |       |       |    49 ||    49
